AoeStats
← flashx9721

Black Forest

503552003Analyzed
3v3 RM · 3mo ago on Sep 1, 2026· 69m 47s· 6 players
Game mode
Random Map
Map size
Normal (6 player)
Population
200
Speed
Normal
Resources
Standard
Victory
Conquest
Starting age
Dark Age
Ending age
Imperial Age
RankedLock teamsTeams togetherTeam positionsShared explorationLock speedFull tech treeHidden civsTurbo modeCheats
Victory
Defeat
657
+18
🇦🇷 Italians · Argentina
608
+21
🇺🇸 Malay · United States
539
+23
vs
🇺🇸 Bohemians · United States
735
-22
🇺🇸 Byzantines · United States
735
-22
🇲🇽 Huns · Mexico
663
-19
assault8055
9:37 Loom
11:32 Feudal Age
17:11 Castle Age
15:13 Double-Bit Axe
16:01 Horse Collar
18:32 Bow Saw
19:22 Heavy Plow
21:13 Loom
23:46 Wheelbarrow
26:17 Hand Cart
33:38 Imperial Age
33:18 Gold Mining
33:21 Stone Mining
33:18 Man-at-Arms
33:59 Squires
33:45 Gambesons
34:06 Husbandry
34:58 Conscription
34:46 Caravan
35:50 Gold Shaft Mining
36:19 Two-Man Saw
35:54 Crop Rotation
36:12 Cavalier
40:02 Chemistry
39:22 Ballistics
39:11 Scale Barding Armor
39:07 Scale Mail Armor
39:18 Forging
39:27 Paladin
42:34 Fortified Wall
42:28 Murder Holes
42:18 Treadmill Crane
43:04 Bombard Tower
47:08 Pikeman
52:16 Halberdier
53:01 Heavy Camel Rider
60:25 Onager
flashx9721
2:14 Loom
16:36 Feudal Age
21:15 Castle Age
22:32 Double-Bit Axe
24:21 Bow Saw
28:04 Horse Collar
30:40 Caravan
30:52 Pikeman
32:36 Ballistics
33:16 Chemistry
33:34 Heavy Plow
37:27 Imperial Age
36:20 Wheelbarrow
36:19 Masonry
37:15 Forging
37:06 Scale Mail Armor
37:54 Squires
37:42 Halberdier
38:53 Hand Cart
39:20 Hussite Reforms
39:55 Chain Mail Armor
42:08 Two-Man Saw
40:57 Town Watch
41:24 Wagenburg Tactics
42:00 Fervor
42:54 Plate Mail Armor
43:00 Iron Casting
43:01 Architecture
43:56 Town Patrol
43:27 Man-at-Arms
44:27 Houfnice
46:17 Siege Engineers
55:36 Onager
Azteca Beleren
1:06 Loom
15:48 Feudal Age
20:24 Wheelbarrow
19:43 Double-Bit Axe
19:42 Horse Collar
22:29 Castle Age
24:01 Hand Cart
23:52 Heavy Plow
24:05 Bow Saw
28:17 Masonry
29:00 Gold Mining
31:14 Gold Shaft Mining
30:41 Stone Mining
33:48 Imperial Age
32:51 Forging
32:48 Scale Barding Armor
33:47 Ballistics
33:54 Bloodlines
33:46 Husbandry
33:42 Fletching
34:22 Thumb Ring
34:21 Cavalier
35:33 Parthian Tactics
35:23 Bodkin Arrow
36:52 Caravan
38:28 Two-Man Saw
38:36 Chemistry
37:21 Heavy Cavalry Archer
39:09 Conscription
40:26 Chemistry
39:36 Bracer
40:52 Elite Tarkan
42:18 Marauders
43:19 Paladin
44:25 Chain Barding Armor
45:50 Iron Casting
45:52 Plate Barding Armor
47:36 Blast Furnace
49:36 Light Cavalry
55:27 Hussar
我的最爱叫婷婷
0:44 Loom
13:38 Feudal Age
14:28 Wheelbarrow
13:47 Double-Bit Axe
13:44 Horse Collar
20:57 Castle Age
20:57 Bow Saw
21:09 Hand Cart
22:59 Heavy Plow
24:36 Caravan
25:44 Gold Mining
25:44 Stone Mining
32:55 Imperial Age
32:02 Elite Battle Elephant
32:52 Scale Barding Armor
32:57 Forging
32:38 Fletching
34:11 Crop Rotation
34:52 Gold Shaft Mining
34:14 Man-at-Arms
38:11 Husbandry
39:18 Iron Casting
38:39 Bodkin Arrow
40:12 Forced Levy
40:36 Conscription
41:36 Blast Furnace
40:31 Long Swordsman
41:12 Squires
40:57 Arson
41:23 Two-Handed Swordsman
48:02 Fishing Lines
Farru
8:32 Loom
13:43 Feudal Age
14:10 Double-Bit Axe
14:16 Horse Collar
21:44 Castle Age
21:27 Stone Mining
22:45 Wheelbarrow
22:30 Heavy Plow
22:45 Bow Saw
25:33 Gold Mining
27:31 Stone Shaft Mining
29:59 Fervor
29:39 Treadmill Crane
30:33 Silk Road
30:43 Hand Cart
30:27 Fletching
30:38 Padded Archer Armor
32:14 Ballistics
31:45 Town Watch
32:16 Caravan
33:26 Town Patrol
33:35 Bodkin Arrow
33:56 Leather Archer Armor
36:43 Squires
36:29 Arson
37:22 Masonry
37:09 Murder Holes
39:55 Imperial Age
37:51 Thumb Ring
37:10 Elite Skirmisher
41:23 Conscription
41:23 Pirotechnia
42:29 Chemistry
42:08 Architecture
41:51 Bracer
42:21 Ring Archer Armor
44:53 Crop Rotation
45:25 Two-Man Saw
46:16 Elite Genoese Crossbowman
65:46 Forging
65:36 Scale Mail Armor
68:18 Iron Casting
67:58 Chain Mail Armor
能不能好好打,不要投
0:34 Loom
17:30 Feudal Age
19:20 Wheelbarrow
18:34 Double-Bit Axe
18:36 Horse Collar
21:53 Gold Mining
27:17 Stone Mining
30:32 Castle Age
28:26 Fletching
29:37 Bloodlines
31:44 Bow Saw
31:51 Hand Cart
31:37 Bodkin Arrow
31:43 Padded Archer Armor
31:44 Husbandry
32:25 Stone Shaft Mining
32:28 Gold Shaft Mining
32:04 Caravan
32:38 Heavy Plow
34:08 Ballistics
34:03 Fortified Wall
33:58 Town Watch
34:49 Leather Archer Armor
39:42 Imperial Age
38:13 Town Patrol
38:47 Masonry
39:33 Forging
39:29 Scale Barding Armor
40:40 Tusk Swords
41:25 Crop Rotation
41:03 Bracer
41:34 Ring Archer Armor
41:35 Parthian Tactics
41:35 Conscription
41:17 Double Crossbow
41:51 Elite Ballista Elephant
43:15 Siege Engineers
44:56 Chemistry
46:47 Architecture
49:01 Iron Casting
48:46 Chain Barding Armor
Connection lost

Rejoining the realm…

Still unreachable

The connection could not be restored.

Session expired

The server has moved on; the page needs a fresh start.